 Dungeon Crawl Stone Soup version 0.25.1-2-g60ff931df9 (webtiles) character file.

Game seed: 4732371657133752763

39 Acheron the Charlatan (level 3, 0/20 HPs)
             Began as a Kobold Artificer on Aug 26, 2020.
             Slain by an adder (3 damage)
             ... on level 2 of the Dungeon.
             The game lasted 00:03:59 (1238 turns).

Acheron the Charlatan (Kobold Artificer)            Turns: 1238, Time: 00:04:00

Health: 0/20       AC:  5    Str: 10    XL:     3   Next: 67%
Magic:  6/6        EV: 13    Int: 12    God:
Gold:   75         SH:  0    Dex: 15    Spells: 2/2 levels left

rFire    . . .     SeeInvis .   p - +1 whip (freeze)
rCold    . . .     Gourm    .   (shield restricted)
rNeg     . . .     Faith    .   g - +0 ring mail
rPois    .         Spirit   .   (no helmet)
rElec    .         Reflect  .   (no cloak)
rCorr    .         Harm     .   (no gloves)
MR       .....                  (no boots)
Stlth    +.........             (no amulet)
HPRegen  0.06/turn              (no ring)
MPRegen  0.10/turn              (no ring)

@: no status effects
A: small, carnivore
a: no special abilities


You were on level 2 of the Dungeon.
You were full.

You visited 1 branch of the dungeon, and saw 3 of its levels.

You collected 75 gold pieces.

Inventory:

Hand Weapons
 a - a +0 short sword
 p - a +1 whip of freezing (weapon)
Missiles
 h - 40 stones (quivered)
 r - 5 boomerangs
Armour
 b - a +0 leather armour
 g - a +0 ring mail (worn)
 n - a scarf of harm
Jewellery
 l - an uncursed ring of poison resistance {unknown}
Wands
 c - a wand of flame (14)
 d - a wand of enslavement (15)
 e - a wand of random effects (15)
Scrolls
 i - a scroll of teleportation {unknown}
 j - a scroll of noise {unknown}
 o - a scroll of enchant weapon {unknown}
 q - a scroll of identify {unknown}
Potions
 k - a potion of curing {unknown}
 m - 2 potions of heal wounds {unknown}
 s - a potion of flight {unknown}
Comestibles
 f - 4 rations


   Skills:
 * Level 1.3 Fighting
 * Level 1.6 Short Blades
 + Level 1.3 Armour
 + Level 2.5 Dodging
 * Level 1.8 Stealth
 + Level 4.3 Evocations


You had 2 spell levels left.
You didn't know any spells.
Your spell library was empty.

Dungeon Overview and Level Annotations

Branches:
Dungeon (3/15)

Altars:


Innate Abilities, Weirdness & Mutations

You are small and have problems with some larger weapons.
You are carnivorous and can eat meat at any time.


Message History

Things that are here:
a +0 club; a +0 robe
Things that are here:
a +0 club; a hobgoblin corpse A rat comes into view.
A goblin comes into view. It is wielding a +0 dagger.
A worm comes into view.
There is a stone staircase leading up here.
There is a stone staircase leading up here.
You climb upwards.
There is a stone staircase leading down here.
You start resting.
The adder is too close now for your liking.
The adder misses you.
You barely miss the adder. The adder closely misses you. The adder bites you.
* * * LOW HITPOINT WARNING * * *
You whack the adder! You freeze the adder.
The adder is severely wounded.
The adder bites you.
You die...

###......
#............
#............
##............
...........
#.........
#<...#..#
#.#+##..#
#..)@S.>#
##.###### #...
#####


You could see an adder.

Vanquished Creatures
  Jessica (D:3)
  A giant cockroach (D:1)
  2 hobgoblins
  2 frilled lizards (D:1)
  3 kobolds
  6 rats (D:1)
15 creatures vanquished.

Notes
Turn   | Place    | Note
-------+----------+-------------------------------------------
     0 | D:1      | Acheron the Kobold Artificer began the quest for the Orb.
     0 | D:1      | Reached XP level 1. HP: 12/12 MP: 3/3
   385 | D:1      | Reached XP level 2. HP: 12/16 MP: 4/4
   388 | D:1      | Reached skill level 4 in Evocations
  1185 | D:3      | Noticed Jessica
  1194 | D:3      | Killed Jessica
  1194 | D:3      | Reached skill level 1 in Armour
  1194 | D:3      | Reached XP level 3. HP: 1/20 MP: 6/6
  1238 | D:2      | Slain by an adder

Illustrated notes

Levels and vault maps discovered:
D:1:      wander_arrival_peaceful_grave, layout_loops_ring, serial_forest,
          infiniplex_forest_3_way, infiniplex_forest_end_1,
          infiniplex_forest_clump_small, infiniplex_forest_clump_small,
          infiniplex_forest_corner_1, infiniplex_forest_clump_medium,
          infiniplex_forest_lined_3, minmay_split_cup_large
D:2:      minmay_skewed_foursquare, layout_basic, st_stairs_1, fedhas_altar_1
D:3:      layout_rooms, chequers_ecumenical_altar_lobes, first_ration,
          uniq_robin, uniq_jessica, uniq_sigmund

Skill      XL: |  1  2 |
---------------+-------+-----
Evocations     | 4 |  4.3
Armour         | 1 |  1.3
Fighting       | |  1.3
Short Blades   | |  1.6
Dodging        | |  2.5
Stealth        | |  1.8

Action                   || total
-------------------------++-------
Melee: Short sword       ||    49
       Whip              ||     9
Evoke: Wand              ||     1
  Eat: Chunk             ||     5
Armor: Ring mail         ||    14
Dodge: Dodged            ||    31
